 Dungeon Crawl Stone Soup version 0.18-a0-1414-gcd7f35e (webtiles) character file.

12360 CopycatKevin the Fighter (level 11, -3/135 HPs)
             Began as a Demonspawn Berserker on Feb 25, 2016.
             Was a High Priest of Trog.
             Slain by a yak (7 damage)
             ... on level 11 of the Dungeon.
             The game lasted 01:10:11 (12667 turns).

CopycatKevin the Fighter (Demonspawn Berserker)    Turns: 12667, Time: 01:10:11

Health: -3/135     AC: 24    Str: 27    XL:     11   Next: 61%
Magic:  0/11       EV: 11    Int: 11    God:    Trog [*****.]
Gold:   245        SH:  4    Dex: 12    Spells: 0 memorised, 10 levels left

rFire  . . .     SeeInvis .     a - +7 great mace "Undeadhunter" {disrupt, rN+}
rCold  + . .     Gourm    .     e - +1 chain mail
rNeg   + . .     Faith    +     (shield currently unavailable)
rPois  .         Spirit   +     M - +2 helmet {Int+3}
rElec  .         Dismiss  .     C - +2 cloak
rCorr  +         Reflect  .     n - +0 pair of gloves
SustAt .         Harm     .     (no boots)
MR     +....                    j - amulet of faith
Stlth  ..........               G - ring of resist corrosion
                                y - ring of protection from magic

@: berserking (expiring), very quick, somewhat resistant to hostile
enchantments, extremely unstealthy
A: hooves 2, large bone plates 3, cold resistance 1, deterioration 1, magic
shield, magic regeneration, no device heal 1
a: Berserk, Trog's Hand, Brothers in Arms, Burn Spellbooks, Renounce Religion


You were on level 11 of the Dungeon.
You worshipped Trog.
Trog was extremely pleased with you.
You were not hungry.

You visited 1 branch of the dungeon, and saw 11 of its levels.
You also visited: Bailey.

You collected 524 gold pieces.
You spent 279 gold pieces at shops.

Inventory:

Hand Weapons
 a - the +7 great mace "Undeadhunter" (weapon) {disrupt, rN+}
   (You found it in a bailey)

   It protects you from negative energy.
 B - a +2 glaive of flaming
 L - a +1 battleaxe of venom
Missiles
 I - 3 poisoned tomahawks (quivered)
 Q - 25 tomahawks of returning
Armour
 e - a +1 chain mail (worn)
 n - a +0 pair of gloves (worn)
 C - a +2 cloak (worn)
 M - a +2 helmet of intelligence (worn)
Jewellery
 g - an uncursed ring of fire
 j - an amulet of faith (around neck)
 p - an uncursed ring of protection from magic
 y - a ring of protection from magic (left hand)
 G - a ring of resist corrosion (right hand)
Wands
 q - a wand of polymorph (3/24)
 t - a wand of heal wounds (2/9)
 v - a wand of acid (9/15)
 J - a wand of lightning (7/15)
 R - a wand of acid (11/15)
Scrolls
 d - a scroll of fog {unknown}
 h - a scroll of enchant armour
 i - 2 scrolls of blinking
 r - a scroll of teleportation
 x - 2 scrolls of remove curse
 E - 2 scrolls of recharging
 K - 2 scrolls of identify
 N - a scroll of immolation
 S - a scroll of amnesia {unknown}
 T - a scroll of random uselessness {unknown}
 W - a scroll of magic mapping
Potions
 b - 3 potions of might
 l - 2 potions of heal wounds {unknown}
 o - a potion of magic {unknown}
 s - a potion of flight
 u - 3 potions of invisibility {unknown}
 w - 2 potions of lignification {unknown}
 A - 2 potions of agility {unknown}
 D - a potion of degeneration {unknown}
 F - 2 potions of berserk rage {unknown}
 P - a potion of cure mutation {unknown}
Miscellaneous
 O - a plain deck of changes
 U - a lamp of fire (inert)
Comestibles
 c - a slice of pizza
 f - 4 meat rations
 k - 3 bread rations
 m - 3 fruits
 z - 6 beef jerkies
 H - a royal jelly
 V - 7 chunks of flesh


   Skills:
 + Level 9.7 Fighting
 * Level 7.4(9.2) Axes
 + Level 4.1(6.3) Maces & Flails
 - Level 7.1(8.6) Polearms
 + Level 8.2 Armour
 + Level 6.3 Dodging
 + Level 2.2 Stealth


You had 10 spell levels left.
You didn't know any spells.

Dungeon Overview and Level Annotations

Branches:
Dungeon (11/15)            Temple (0/1) D:4            Lair (0/8) D:9
    Orc: D:9-12

Altars:
Dithmenos
Gozag
Pakellas
Qazlal
Ru
Vehumet
Xom
Zin
Beogh

Shops:
D:5 !   D:8 [


Innate Abilities, Weirdness & Mutations

You have hoof-like feet.
You are completely covered in large bone plates (AC +4, SH +4).
Your flesh is cold resistant.
When hurt, damage is shared between your health and your magic reserves.
You regenerate magic rapidly.
Your body sometimes deteriorates upon taking damage.
Potions and wands are less effective at restoring your health.


Message History

* * * LOW HITPOINT WARNING * * *
The yak gores you but does no damage. The yak completely misses you.
You bludgeon the yak!! You kick the yak, but do no damage.
The yak is almost dead.
The yak closely misses you. The yak misses you. The yak gores you!
* * * LOW HITPOINT WARNING * * *
Your chain mail prevents you from hitting the yak.
Your kick misses the yak.
The yak is almost dead.
The yak misses you. The yak completely misses you.
The yak gores you but does no damage.
You are too berserk!
You bludgeon the yak!!
You kill the yak!
Trog accepts your kill.
Your chain mail prevents you from hitting the yak.
You kick the yak.
The yak is lightly wounded.
The yak closely misses you. The yak gores you!
You die...

#### ###... .. ## #.#/..
#.##.#... #.....
#....#... #.....##
##.......#
.##.....###.......#
.................#
.......@Y)......##
........Y........## #.
..........$.......###..
...................#...
.......$...............
...<...................
........................
........................
.....#.................


You could see 2 yaks.

Vanquished Creatures
  The ghost of kGEAR the Severer, a journeyman MiBe of Trog (D:11)
  The ghost of mopl the Covert, a journeyman VSWr of Pakellas (D:11)
  2 hill giants (D:10)
  An orc knight (Bailey)
  A manticore (D:11)
  Joseph (D:8)
  Psyche (D:8)
  A gargoyle (D:10)
  Prince Ribbit (D:9)
  A wyvern (D:10)
  Eustachio (D:5)
  3 yaks (D:11)
  4 hungry ghosts
  Grum (D:11)
  3 hippogriffs
  A wolf (D:11)
  Menkaure (D:5)
  A soldier ant (D:10)
  A water moccasin (D:9)
  5 orc warriors
  2 ice beasts
  3 phantoms
  4 sky beasts
  A necrophage (D:8)
  An eye of draining (D:11)
  3 centaurs
  6 ogres
  3 crocodiles
  Blork the orc (D:5)
  A big kobold (D:10)
  7 giant frogs
  A gnoll sergeant (D:9)
  A water moccasin zombie (D:8)
  2 scorpions
  4 killer bees (D:8)
  8 wights
  A howler monkey (D:6)
  6 crimson imps
  2 quasits (D:8)
  A centaur zombie (D:7)
  4 jellies
  A giant frog skeleton (D:10)
  8 orc priests
  3 hounds
  9 orc wizards
  4 centaur skeletons
  2 iguanas
  3 worker ants
  A killer bee zombie (D:6)
  A hound skeleton (D:5)
  Robin (D:3)
  13 gnolls
  A river rat (D:9)
  11 adders
  2 shadow imps
  An adder zombie (D:9)
  An adder skeleton (D:5)
  2 worms
  A dart slug (D:1)
  7 giant geckos
  47 orcs
  3 ball pythons
  7 bats
  4 giant cockroaches
  13 goblins
  8 hobgoblins
  20 jackals
  7 quokkas
  A giant gecko skeleton (D:5)
  A giant gecko zombie (D:6)
  3 giant newts
  A jackal skeleton (D:7)
  22 kobolds
  A quokka skeleton (D:5)
  A quokka zombie (D:7)
  12 rats
  A plant (D:9)
318 creatures vanquished.

Vanquished Creatures (collateral kills)
  An orc knight (Bailey)
  A wolf (D:11)
  An orc warrior (Bailey)
3 creatures vanquished.

Vanquished Creatures (others)
  A kobold (Bailey)
  2 fungi (D:9)
3 creatures vanquished.

Grand Total: 324 creatures vanquished

Notes
Turn   | Place    | Note
--------------------------------------------------------------
     0 | D:1      | CopycatKevin the Demonspawn Berserker began the quest for the Orb.
     0 | D:1      | Reached XP level 1. HP: 18/18 MP: 1/1
   552 | D:1      | Gained mutation: When hurt, damage is shared between your health and your magic reserves. [demonic ancestry]
   552 | D:1      | Reached XP level 2. HP: 24/24 MP: 2/2
   921 | D:1      | Reached ** piety under Trog
  1092 | D:2      | HP: 1/36 [adder (4)]
  1094 | D:2      | Gained mutation: You are partially covered in large bone plates (AC +2, SH +2). [demonic ancestry]
  1094 | D:2      | Reached XP level 3. HP: 2/29 MP: 0/3
  1882 | D:2      | Found a stormy altar of Qazlal.
  1882 | D:2      | Found a shadowy altar of Dithmenos.
  2204 | D:3      | Gained mutation: Your flesh is cold resistant. [demonic ancestry]
  2204 | D:3      | Reached XP level 4. HP: 23/36 MP: 4/4
  2483 | D:3      | Noticed Robin
  2488 | D:3      | Reached *** piety under Trog
  2496 | D:3      | Killed Robin
  2534 | D:3      | Found an opulent altar of Gozag.
  2741 | D:3      | Found an oddly glowing altar of Pakellas.
  3243 | D:4      | Reached skill level 4 in Fighting
  3243 | D:4      | Gained mutation: You have large cloven feet. [demonic ancestry]
  3243 | D:4      | Reached XP level 5. HP: 37/42 MP: 5/5
  3382 | D:4      | Found a staircase to the Ecumenical Temple.
  3567 | D:4      | Noticed an ogre
  3573 | D:4      | Killed an ogre
  3747 | D:3      | Upgraded the game from 0.18-a0-1411-gba84f3e to 0.18-a0-1413-g4eaa9ac
  3810 | D:5      | Entered Level 5 of the Dungeon
  3819 | D:5      | Found Riudix's Distillery.
  3921 | D:5      | Noticed Menkaure
  3930 | D:5      | HP: 3/64 [Menkaure (13)]
  3931 | D:5      | Killed Menkaure
  3931 | D:5      | Reached skill level 1 in Stealth
  3931 | D:5      | Gained mutation: You have hoof-like feet. [demonic ancestry]
  3931 | D:5      | Reached XP level 6. HP: 3/49 MP: 0/6
  4419 | D:5      | Reached skill level 5 in Fighting
  4446 | D:5      | Noticed Blork the orc
  4454 | D:5      | Gained mutation: You are mostly covered in large bone plates (AC +3, SH +3). [demonic ancestry]
  4454 | D:5      | Reached XP level 7. HP: 43/56 MP: 7/7
  4471 | D:5      | Killed Blork the orc
  4691 | D:5      | Found a runed door.
  4738 | D:5      | Reached skill level 5 in Axes
  4820 | D:5      | Reached **** piety under Trog
  5268 | D:5      | Noticed Eustachio
  5516 | D:5      | Reached ***** piety under Trog
  5533 | D:5      | Killed Eustachio
  5533 | D:5      | Gained mutation: You regenerate magic rapidly. [demonic ancestry]
  5533 | D:5      | Reached XP level 8. HP: 35/64 MP: 8/8
  5566 | D:5      | Found a roughly hewn altar of Beogh.
  5658 | D:5      | Reached skill level 6 in Fighting
  5747 | D:6      | Reached skill level 1 in Polearms
  5918 | D:6      | Received a gift from Trog
  6018 | D:6      | Reached skill level 5 in Armour
  7260 | D:7      | Gained mutation: You are completely covered in large bone plates (AC +4, SH +4). [demonic ancestry]
  7260 | D:7      | Reached XP level 9. HP: 69/71 MP: 9/9
  7353 | D:7      | Reached skill level 7 in Fighting
  7535 | D:7      | Found a radiant altar of Vehumet.
  7880 | D:8      | Found Mepnel's Armour Emporium.
  7898 | D:8      | Bought a +2 helmet of intelligence for 279 gold pieces
  7922 | D:8      | Noticed Joseph
  7935 | D:8      | Killed Joseph
  7935 | D:8      | Reached skill level 5 in Polearms
  8015 | D:8      | Reached skill level 5 in Dodging
  8330 | D:8      | Upgraded the game from 0.18-a0-1413-g4eaa9ac to 0.18-a0-1414-gcd7f35e
  8421 | D:8      | Noticed Psyche
  8432 | D:8      | Killed Psyche
  8432 | D:8      | Reached XP level 10. HP: 43/80 MP: 6/10
  8749 | D:8      | Reached skill level 8 in Fighting
  9612 | D:9      | Found a staircase to the Lair.
  9661 | D:9      | Noticed an angel
  9702 | D:9      | Found a shimmering altar of Xom.
  9702 | D:9      | Found a glowing silver altar of Zin.
  9873 | D:9      | Received a gift from Trog
  9940 | D:9      | Found a sacrificial altar of Ru.
 10029 | D:9      | Noticed Prince Ribbit
 10040 | D:9      | Killed Prince Ribbit
 10060 | D:9      | Gained mutation: Your body sometimes deteriorates upon taking damage. [potion of mutation]
 10060 | D:9      | Gained mutation: Potions and wands are less effective at restoring your health. [potion of mutation]
 10060 | D:9      | Gained mutation: You are frail (-10% HP). [potion of mutation]
 10067 | D:9      | Found a flagged portal.
 10089 | Bailey   | Entered a bailey
 10104 | Bailey   | Noticed an orc knight
 10110 | Bailey   | Noticed an orc knight
 10238 | Bailey   | Lost mutation: You are frail (-10% HP). [potion of mutation]
 10279 | Bailey   | Killed an orc knight
 10292 | Bailey   | Killed an orc knight
 10295 | Bailey   | HP: 3/82 [orc warrior/war axe (18)]
 10306 | Bailey   | HP: 4/82 [orc warrior/hand axe (4)]
 11278 | D:10     | Entered Level 10 of the Dungeon
 11368 | D:10     | Noticed a hill giant
 11378 | D:10     | Killed a hill giant
 11378 | D:10     | Reached skill level 9 in Fighting
 11378 | D:10     | Reached skill level 1 in Maces & Flails
 11378 | D:10     | Reached XP level 11. HP: 28/89 MP: 2/11
 11967 | D:10     | Noticed a hill giant
 11973 | D:10     | Killed a hill giant
 12187 | D:11     | Noticed mopl's ghost (journeyman VSWr)
 12200 | D:11     | Killed mopl's ghost
 12200 | D:11     | Received a gift from Trog
 12227 | D:11     | Noticed Grum
 12251 | D:11     | Killed Grum
 12480 | D:11     | Noticed kGEAR's ghost (journeyman MiBe)
 12500 | D:11     | Killed kGEAR's ghost
 12663 | D:11     | HP: 3/135 [yak (9)]
 12667 | D:11     | Slain by a yak

Vault maps used:
D:1:      lightli_arrival_statue_moat
D:2:      gammafunk_temple_overflow_wave
D:3:      minitemple, uniq_robin
D:4:      minmay_temple_entry_statues_pillars
D:5:      first_bread, serial_shops, shop, lightli_church_of_beogh,
          uniq_eustachio, uniq_menkaure, uniq_blork_the_orc
D:6:      serial_column_ruins, column_ruins_hut, column_ruins_columns_straight,
          column_ruins_columns_corner, column_ruins_open_medium,
          column_ruins_grid_2, serial_park_tiny_2
D:7:      kennysheep_little_box, grunt_ogre_cave
D:8:      serial_shops, shop, uniq_psyche, uniq_joseph
D:9:      grunt_temple_overflow_order_and_chaos_1,
          nicolae_ru_great_annihilating_truth, due_lair_maze_entry_diamond,
          enter_bailey_1, uniq_prince_ribbit1
D:11:     kennysheep_orc_monster_closet_entryway, uniq_grum
Bailey:   bailey_axe_4, bailey

Skill      XL: |  1  2  3  4  5  6  7  8  9 10 11 |
---------------+----------------------------------+-----
Armour         | 2 3 4 5 6 7 8 |  8.2
Axes           | 3 4 5 6 7 |  7.4
Dodging        | 2 3 4 5 6 |  6.3
Fighting       | 4 5 6 7 9 |  9.7
Stealth        | 1 2 |  2.2
Polearms       | 3 6 7 |  7.1
Maces & Flails | 1 4 |  4.1

Action                   |  1- 3 |  4- 6 |  7- 9 | 10-12 || total
-------------------------+-------+-------+-------+-------++-------
Melee: Hand axe          |   129 |   134 |    16 |       ||   279
       Glaive            |       |       |   400 |   109 ||   509
       Battleaxe         |       |       |       |    67 ||    67
       Great mace        |       |       |       |   181 ||   181
Invok: Berserk           |     1 |     2 |     4 |     5 ||    12
       Burn Spellbooks   |       |     1 |       |     1 ||     2
       Trog's Hand       |       |     1 |       |       ||     1
       Brothers in Arms  |       |       |       |     1 ||     1
Evoke: Lamp of fire      |       |       |       |     1 ||     1
  Use: Scroll            |     3 |     2 |     4 |     2 ||    11
       Potion            |       |     4 |     1 |     9 ||    14
 Stab: Sleeping          |     1 |       |       |       ||     1
       Invisible         |       |       |       |     1 ||     1
       Paralysed         |       |       |       |     1 ||     1
  Eat: Chunk             |     5 |     6 |    16 |     4 ||    31
       Bread ration      |       |     1 |     3 |     4 ||     8
       Pizza             |       |       |     2 |       ||     2
       Fruit             |       |       |     1 |       ||     1
       Beef jerky        |       |       |     1 |       ||     1
       Meat ration       |       |       |       |     1 ||     1
